Unix NetHack Version 3.7.0-53 Work-in-progress - last build Apr 11 2022 03:59:15 (1e4a17dd8e4cd83bd3ef5d46a59529246cfc2aae,branch:master). Game began 2022-04-13 23:11:35, ended 2022-04-13 23:17:02. Anerag, lawful female human Samurai ---- |..-- --...-- --- |....<| |..- |.....| ---- -- --...----...-|---- |..-- |.. --............--..---...| -.........G.G.....)@.......-------------- --.h.................G^.....G.G...d......| |.............................-.-..--....- --.........%...........................| ... |...|.---...............---...........| --- -- --- -...............| ----........| |...............-- |....--.-- --..............| |....---- |..............-- ---... --..|.--.--....| ---.. --------------- -- Anerag the Hatamoto St:18 Dx:16 Co:18 In:9 Wi:8 Ch:7 Lawful Dlvl:3 $:39 HP:0(15) Pw:2(2) AC:4 Exp:1 T:667 Latest messages: The gnome lord picks up a yellowish brown gem. Hachi drops an arrow. The gnome lord throws a dart! You are hit by a dart. The gnome throws a dagger! The dagger hits the gnome lord. The gnome lord picks up a dagger. The gnome lord picks up an arrow. The gnome picks up a dagger. The gnome throws a dagger! The dagger hits Hachi. Hachi picks up a dagger. The gnome throws a dagger! The dagger hits Hachi. Hachi drops a dagger. The gnome picks up a dagger. Hachi picks up a dagger. The gnome throws a dagger! You are almost hit by a dagger. Hachi drops a dagger. You see here a tinning kit. n - a tinning kit. The kobold picks up a dagger. The kobold picks up a dagger. What do you want to drop? [$a-ik-n or ?*] ? You drop a pair of iron shoes. You swap places with Hachi. The gnome hits! The kobold throws a dagger! You are hit by a dagger. Hachi misses the kobold. You see here a pair of iron shoes. The kobold wields a dagger! Hachi misses the kobold. The gnome hits! The gnome hits! Hachi bites the kobold. The kobold is killed! The gnome picks up a pair of iron shoes. The gnome puts on a pair of iron shoes. The gnome picks up a dagger. The gnome throws a dagger! A dagger misses you. Hachi picks up a dagger. The gnome picks up a dagger. Suddenly, the gnome disappears out of sight. The gnome throws a dagger! You are hit by a dagger. You die... Do you want your possessions identified? [ynq] (y) q Major events: Turn 1: Anerag the lawful female human Samurai entered the dungeon 408: entered the Gnomish Mines 667: killed by a dagger Inventory: Coins $ - 39 gold pieces Weapons d - 36 uncursed +0 ya (in quiver) c - an uncursed +0 yumi (alternate weapon; not wielded) a - an uncursed +0 katana (weapon in hand) b - an uncursed +0 wakizashi Armor m - an uncursed +0 dwarvish cloak e - an uncursed rustproof +0 splint mail (being worn) Scrolls h - a cursed scroll of identify i - an uncursed scroll of light Potions k - an uncursed potion of enlightenment f - an uncursed potion of gain energy Wands g - an uncursed wand of cancellation (0:6) Tools n - an uncursed tinning kit (0:57) Anerag the Samurai's attributes: Background: You were a Hatamoto, a level 1 female human Samurai. You were lawful, on a mission for Amaterasu Omikami who was opposed by Raijin (neutral) and Susanowo (chaotic). You were in the Gnomish Mines, on level 3. You entered the dungeon 667 turns ago. It was nighttime. You had 1 experience point, 19 more were needed to attain level 2. Basics: You had 0 out of 15 hit points. You had both energy points (spell power). Your armor class was 4. Your wallet contained 39 zorkmids. Autopickup was on for '$' plus thrown. Final Characteristics: Your strength was 18 (limit:18/100). Your dexterity was 16 (limit:18). Your constitution was 18 (limit:18). Your intelligence was 9 (limit:18). Your wisdom was 8 (limit:18). Your charisma was 7 (limit:18). Final Status: You were not hungry. You were unencumbered. You were wielding a long sword. You had basic skill with long sword. Final Attributes: You were fervently aligned. You were warded. You were fast. You are dead. Miscellaneous: You disabled loading of bones levels. Total elapsed playing time was 5 minutes and 27 seconds. Vanquished creatures: a dwarf a gecko a kobold 2 grid bugs a kobold zombie 3 newts 9 creatures vanquished. No species were genocided or became extinct. Voluntary challenges: You were an atheist. You read items or engraved 1 time. You never engraved Elbereth. You never genocided any monsters. You never polymorphed an object. You never changed form. You used no wishes. Achievement: You entered the Gnomish Mines. The Dungeons of Doom: levels 1 to 3 Level 1: Level 2: An altar, a fountain. Stairs down to The Gnomish Mines. Level 3: The Gnomish Mines: Level 3: <- You were here. Final resting place for you, killed by a dagger. Game over: ---------- / \ / REST \ / IN \ / PEACE \ / \ | Anerag | | 39 Au | | killed by a | | dagger | | | | | | 2022 | *| * * * | * _________)/\\_//(\/(/\)/\//\/|_)_______ Sayonara Anerag the Samurai... You died in The Gnomish Mines on dungeon level 3 with 140 points, and 39 pieces of gold, after 667 moves. You were level 1 with a maximum of 15 hit points when you died.